 Dungeon Crawl Stone Soup version 0.20.1-1-g8b1a95d (webtiles) character file.

49 Holzbox the Skirmisher (level 3, 0/30 HPs)
             Began as a Barachi Berserker on Sept 17, 2017.
             Was a Believer of Trog.
             Succumbed to an adder's poison
             ... on level 2 of the Dungeon.
             The game lasted 00:05:56 (853 turns).

Holzbox the Skirmisher (Barachi Berserker)           Turns: 853, Time: 00:05:57

Health: 0/30       AC:  2    Str: 19    XL:     3   Next: 77%
Magic:  3/3        EV: 13    Int:  7    God:    Trog [**....]
Gold:   99         SH:  0    Dex: 11    Spells: 2/2 levels left

rFire    . . .     SeeInvis .   p - +0 trident
rCold    . . .     Gourm    .   (no shield)
rNeg     . . .     Faith    .   b - +0 animal skin
rPois    .         Spirit   .   (no helmet)
rElec    .         Reflect  .   (no cloak)
rCorr    .         Harm     .   (no gloves)
MR       +....                  (no boots)
Stlth    +.........             (no amulet)
Regen    0.1/turn               f - ring of protection from magic
MPRegen  0.1/turn               (no ring)

@: lethally poisoned (0 -> -10), slow
A: +LOS, swims, slowness 1, strong legs 1
a: Hop, Berserk, Trog's Hand, Burn Spellbooks, Renounce Religion


You were on level 2 of the Dungeon.
You worshipped Trog.
Trog was pleased with you.
You were not hungry.

You visited 1 branch of the dungeon, and saw 2 of its levels.

You collected 99 gold pieces.

Inventory:

Hand Weapons
 a - a +0 spear
 p - a +0 trident (weapon)
Armour
 b - a +0 animal skin (worn)
Jewellery
 f - a ring of protection from magic (left hand)
Wands
 o - a wand of digging (9/24)
Scrolls
 d - a scroll of amnesia
 e - 2 scrolls of fear {unknown}
 g - 2 scrolls of teleportation {unknown}
 h - 3 scrolls of identify
 i - a scroll of remove curse {unknown}
 j - a scroll of fog {unknown}
 k - a scroll of magic mapping {unknown}
 l - a scroll of recharging {unknown}
Potions
 m - a potion of might {unknown}
 n - 2 potions of curing
Comestibles
 c - a bread ration


   Skills:
 + Level 4.0 Fighting
 + Level 3.8 Polearms
 + Level 2.5 Armour
 + Level 3.0 Dodging


You had 2 spell levels left.
You didn't know any spells.

Dungeon Overview and Level Annotations

Branches:
Dungeon (2/15)

Altars:


Innate Abilities, Weirdness & Mutations

Shadows flee at your approach. (+LOS)
You can swim through water.
You cover ground slowly.
You can hop short distances.


Message History

You feel sick. The adder bites you.
* * * LOW HITPOINT WARNING * * *
The adder closely misses you.
You puncture the adder!
The adder is severely wounded.
The adder barely misses you.
You barely miss the adder.
The adder is severely wounded.
The adder bites you.
* * * LOW HITPOINT WARNING * * *
You are more poisoned.
The adder poisons you!
You miss the adder.
The adder is severely wounded.
* * * LOW HITPOINT WARNING * * *
You feel sick. The adder closely misses you. The adder bites you.
* * * LOW HITPOINT WARNING * * *
You hit the adder but do no damage.
The adder is severely wounded.
You die...

.....................
..........)..........
.................... #.
#...###...###...### #..
#...# #...# #...# #
#...###...###...###...###
#........................
#.......S................
#.......@...†............
#...###...###...###...###
#...# #...# #...# #
##...###...###...# #
$...................
.....................
.............[........
..###...###...###...###
.. #...# #...# ...


You could see an adder.

Vanquished Creatures
  An ooze (D:1)
  A worm (D:2)
  2 dart slugs (D:1)
  3 leopard geckos (D:1)
  2 goblins
  2 hobgoblins
  9 jackals
  2 ball pythons
  A bat (D:2)
  A frilled lizard (D:1)
  6 kobolds
  4 rats
34 creatures vanquished.

Notes
Turn   | Place    | Note
-------+----------+-------------------------------------------
     0 | D:1      | Holzbox the Barachi Berserker began the quest for the Orb.
     0 | D:1      | Reached XP level 1. HP: 18/18 MP: 1/1
   108 | D:1      | Reached XP level 2. HP: 14/25 MP: 2/2
   302 | D:1      | Reached XP level 3. HP: 10/30 MP: 3/3
   740 | D:2      | Reached ** piety under Trog
   741 | D:2      | Reached skill level 4 in Fighting
   852 | D:2      | HP: 1/30 [adder (3)]
   853 | D:2      | Succumbed to an adder's poison

Skill      XL: |  1  2  3 |
---------------+----------+-----
Fighting       | 4 |  4.0
Dodging        | 3 |  3.0
Polearms       | |  3.8
Armour         | |  2.5

Action                   || total
-------------------------++-------
Melee: Spear             ||   140
       Trident           ||     9
  Use: Scroll            ||     2
       Potion            ||     2
Armor: Animal skin       ||    34
Dodge: Dodged            ||   128
